 Dungeon Crawl Stone Soup version 0.23-a0-171-g5ae17c6e89 (webtiles) character file.

433 Holzbalken the Chopper (level 6, -3/44 HPs)
             Began as a Demonspawn Gladiator on Sept 13, 2018.
             Slain by an ogre
             ... wielding a cursed -1 giant club
              (15 damage)
             ... on level 4 of the Dungeon.
             The game lasted 00:12:41 (3075 turns).

Holzbalken the Chopper (Demonspawn Gladiator)       Turns: 3075, Time: 00:12:41

Health: -3/44      AC: 20    Str: 15    XL:     6   Next: 67%
Magic:  0/6        EV: 13    Int:  9    God:
Gold:   169        SH:  0    Dex: 16    Spells: 5/5 levels left

rFire    . . .     SeeInvis .   a - +1 war axe
rCold    . . .     Gourm    .   (no shield)
rNeg     . . .     Faith    .   b - +0 leather armour
rPois    .         Spirit   +   c - +0 helmet
rElec    .         Reflect  .   s - +0 cloak
rCorr    .         Harm     .   e - +2 pair of gloves
MR       .....                  (no boots)
Stlth    +.........             (no amulet)
HPRegen  0.14/turn              h - +3 ring of protection
MPRegen  0.10/turn              v - ring of flight

@: sanguine armour
A: powered by death 1, magic shield, sanguine armour 2
a: Evoke Flight


You were on level 4 of the Dungeon.
You were not hungry.

You visited 1 branch of the dungeon, and saw 4 of its levels.

You collected 169 gold pieces.

Inventory:

Hand Weapons
 a - a +1 war axe (weapon)
 t - a +0 mace
 u - a +0 flail
Missiles
 d - 3 throwing nets (quivered)
Armour
 b - a +0 leather armour (worn)
 c - a +0 helmet (worn)
 e - a +2 pair of gloves (worn)
 k - a +0 plate armour
 s - a +0 cloak (worn)
Jewellery
 h - a +3 ring of protection (left hand)
 v - a ring of flight (right hand)
Wands
 m - a wand of iceblast (7)
Scrolls
 i - a scroll of blinking {unknown}
 l - a scroll of teleportation
Potions
 g - 2 potions of heal wounds
 j - a potion of flight {unknown}
 o - 3 potions of curing {unknown}
 w - a potion of degeneration {unknown}
 x - a potion of mutation {unknown}
Comestibles
 f - 7 rations


   Skills:
 - Level 2.0 Fighting
 + Level 7.0 Axes
 - Level 1.7 Throwing
 - Level 2.6 Dodging


You had 5 spell levels left.
You didn't know any spells.
Your spell library was empty.

Dungeon Overview and Level Annotations

Branches:
Dungeon (4/15)
 Temple: D:4-7

Altars:
Gozag
Makhleb
Trog


Innate Abilities, Weirdness & Mutations

You regenerate a little health from kills.
When hurt, damage is shared between your health and your magic reserves.
When seriously injured, your bleeding wounds create thick armour. (AC +9)


Message History

The ogre closely misses you.
You barely miss the ogre.
The ogre is lightly wounded.
The ogre barely misses you.
You slash the ogre!
The ogre is moderately wounded.
The ogre hits you with a giant club!!
Your blood congeals into armour.
You hit the ogre.
The ogre is moderately wounded.
The ogre closely misses you.
You hit the ogre.
The ogre is moderately wounded.
You barely miss the ogre.
The ogre is moderately wounded.
The ogre hits you with a giant club!
* * * LOW HITPOINT WARNING * * *
Your leather armour prevents you from hitting the ogre.
The ogre is moderately wounded.
The ogre hits you with a giant club!
You die...

.....#.....#,,,,,,,****>*
...........#***,**,,,*#,*
##.........#*,*,*,,,,.#.*
...........##,,,,,,,...,*
.........#....######[#*#*
.###.###.###..#.#......*
.#..............#..#.#,*
.#.#.#...######.#O...#,*
...#............@.#,,*,*
.........######.#..#,*,*****
..#...#..#.,,,#.#..#,*,,,,,*
..#.........,,..#..#,*****,*
...)..####..,..##..#,,,* *,*
....#.# *,....**..#**,* *,*
#...#.# *,.!..,,..#**,* *,*
#.#.#.# *.....,,...,,,***,*
#.#.#.#***,,,,,,,,,*>,,,,,,*


You could see an ogre.

Vanquished Creatures
  A phantom (D:3)
  The ghost of MirrMurr the Poker, an amateur OpBe of Trog (D:3)
  A scorpion (D:3)
  Crazy Yiuf (D:2)
  An orc wizard (D:3)
  Jessica (D:2)
  A centaur skeleton (D:4)
  2 adders
  2 oozes
  A worm (D:3)
  2 leopard geckos
  6 orcs (D:3)
  4 giant cockroaches
  10 goblins
  10 hobgoblins
  2 jackals (D:2)
  2 quokkas
  8 bats
  3 frilled lizards
  9 kobolds
  6 rats
74 creatures vanquished.

Notes
Turn   | Place    | Note
-------+----------+-------------------------------------------
     0 | D:1      | Holzbalken the Demonspawn Gladiator began the quest for the
                  | Orb.
     0 | D:1      | Reached XP level 1. HP: 16/16 MP: 1/1
    40 | D:1      | Reached skill level 3 in Axes
   288 | D:1      | Gained mutation: When hurt, damage is shared between your
                  | health and your magic reserves. [demonic ancestry]
   288 | D:1      | Reached XP level 2. HP: 22/22 MP: 2/2
   752 | D:2      | Gained mutation: When seriously injured, your bleeding
                  | wounds create armour. (AC +9) [demonic ancestry]
   752 | D:2      | Reached XP level 3. HP: 27/27 MP: 3/3
   799 | D:2      | Reached skill level 4 in Axes
   884 | D:2      | Noticed Jessica
   895 | D:2      | Killed Jessica
   913 | D:2      | Reached XP level 4. HP: 21/33 MP: 4/4
  1535 | D:2      | Found a runed door.
  1539 | D:2      | Noticed Crazy Yiuf
  1557 | D:2      | Killed Crazy Yiuf
  1557 | D:2      | Reached skill level 5 in Axes
  2076 | D:3      | Gained mutation: When seriously injured, your bleeding
                  | wounds create thick armour. (AC +9) [demonic ancestry]
  2076 | D:3      | Reached XP level 5. HP: 33/38 MP: 3/5
  2130 | D:3      | Noticed a phantom
  2153 | D:3      | Killed a phantom
  2153 | D:3      | Reached skill level 6 in Axes
  2270 | D:3      | Found a transporter.
  2270 | D:3      | Noticed MirrMurr's ghost (amateur OpBe)
  2277 | D:3      | Found a transporter.
  2372 | D:3      | Gained mutation: You regenerate a little health from kills.
                  | [demonic ancestry]
  2372 | D:3      | Reached XP level 6. HP: 44/44 MP: 4/6
  2492 | D:3      | Found an opulent altar of Gozag.
  2493 | D:3      | Found a burning altar of Makhleb.
  2501 | D:3      | Found a bloodstained altar of Trog.
  2826 | D:3      | Killed MirrMurr's ghost
  3009 | D:4      | Reached skill level 7 in Axes
  3075 | D:4      | Slain by an ogre

Vault maps used:
D:1:      mainiacjoe_arrival_reflecting_pool, kennysheep_boxes
D:2:      uniq_crazy_yiuf_cottage, uniq_jessica
D:3:      grunt_temple_overflow_open, gammafunk_ghost_arena

Skill      XL: |  1  2  3  4  5  6 |
---------------+-------------------+-----
Axes           | 3 4 5 6 7 |  7.0
Fighting       | |  2.0
Throwing       | |  1.7
Dodging        | |  2.6

Action                   |  1- 3 |  4- 6 || total
-------------------------+-------+-------++-------
Melee: War axe           |   108 |   155 ||   263
  Use: Scroll            |       |     6 ||     6
 Stab: Distracted        |     1 |       ||     1
       Sleeping          |       |     2 ||     2
  Eat: Chunk             |       |     7 ||     7
Armor: Leather armour    |    65 |    56 ||   121
Dodge: Dodged            |    78 |   139 ||   217

Table legend:
 A = Non-vault XP
 B = Vault XP
 C = Vault XP percentage of total XP
 D = Non-vault monster count
 E = Vault monster count
 F = Vault count percentage of total count
                 A         B        C        D         E       F
            +---------+---------+-------+---------+---------+-------
      Total |     353 |     266 |  43.0 |      67 |       7 |   9.5
            +---------+---------+-------+---------+---------+-------
        D:1 |      35 |       0 |   0.0 |      18 |       0 |   0.0
        D:2 |      51 |      77 |  60.2 |      21 |       2 |   8.7
        D:3 |     230 |     189 |  45.1 |      27 |       5 |  15.6
        D:4 |      37 |       0 |   0.0 |       1 |       0 |   0.0
            +---------+---------+-------+---------+---------+-------
